[Event "Silves Open 2025"]
[Site "Fissul"]
[Date "2025.03.06"]
[Round "8.14"]
[White "Finkler, Kai Andreas"]
[Black "Paiva, Manuel Maria Fonseca"]
[Result "0-1"]
[Annotator "TA"]
[ECO "E09"]
[WhiteElo "1990"]
[BlackElo "1904"]
[PlyCount "62"]
[EventDate "2025.03.03"]
[EventType "swiss"]
[EventCountry "POR"]
[SourceTitle "playchess.com"]
[Source "ChessBase"]
[SourceQuality "1"]
[TimeControl "5400+30"]

1. Nf3 d5 2. g3 Nd7 3. d4 Ngf6 4. Bg2 e6 5. O-O Be7 6. Nbd2 O-O 7. c4 c6 8. Qc2 b6 9. e4 Bb7 10. e5 Ne8 11. b3 Rc8 12. Bb2 c5 13. Rac1 {[%emt 0:01:50] E09: Closed Catalan: Main Line: 7 Qc2 c6 8 Nbd2.} Nc7 14. Rfd1 cxd4 15. Nxd4 {[%emt 0:07:23] White is slightly better.} a6 $146 (15... Nxe5 $14 {was preferable.} 16. Nxe6 Nxe6 17. Bxe5 Ba8) (15... Bc5 16. f4 Qe7 17. N2f3 Rfd8 18. Kh1 dxc4 19. Ng5 Bxg2+ 20. Kxg2 Nf8 21. Nc6 Qe8 22. Nxd8 cxb3 23. axb3 Rxd8 {1-0 Hertneck,G (2541)-Galkin,A (2587) EU-ch 1st Saint Vincent 2000 (4)}) 16. Nf1 $16 Nb5 17. Nxb5 axb5 18. Qe2 (18. Qb1 $14) 18... bxc4 $15 19. bxc4 Ba6 20. Ne3 Bc5 21. Nxd5 exd5 $17 22. Bxd5 Qe7 23. e6 Kh8 24. Bxg7+ Kxg7 {[%emt 0:00:02][%csl Oc5] Strong Square Black (c5)} 25. Qg4+ Kh8 26. exd7 Rcd8 $36 {[%emt 0:00:27][%mdl 2048] Black is on the roll.} 27. Be4 $2 {[%emt 0:01:07] [#] Loses the game.} (27. Bc6 $17) 27... f5 $1 $19 28. Bxf5 {[%emt 0:00:31] [#]} Bb7 {[%emt 0:09:42] Hoping for ...Qe5. Wards off Qf3} 29. Qh5 $2 (29. Qf4 Bc6 (29... Qf6 $2 30. g4 $19) 30. g4) 29... Be4 {[%emt 0:03:22] A strong pair of Bishops.} (29... Bxf2+ $142 30. Kxf2 Qc5+ (30... Rxd7 $2 31. Rxd7 Qxd7 32. Rd1 $19) 31. Ke2 Qe5+ (31... Qxf5 32. Qxf5 Rxf5 33. Rd6 $17) (31... Rxf5 $2 32. Qe8+ Kg7 33. Rd3 $19) 32. Kd3 Rxd7+ (32... Qxf5+ 33. Qxf5 Rxf5 34. Kc3 $17) 33. Kc2 Rxf5) 30. Re1 (30. Bxe4 $142 Bxf2+ (30... Qxe4 $2 31. Rd2 $19) 31. Kg2 Qxe4+ 32. Kh3) 30... Rxf5 (30... Bxf2+ $142 31. Kxf2 Qc5+ (31... Rxf5+ $2 32. Qxf5 Rf8 33. Qxf8+ Qxf8+ 34. Kg1 $19) (31... Qxd7 $2 32. Rcd1 $19) 32. Re3 Rxf5+ (32... Qxf5+ $2 33. Qxf5 Bxf5 34. Rf3 $19) 33. Qxf5 Qxf5+ (33... Bxf5 $2 34. h3 $19) 34. Ke1 Qxd7 (34... Rxd7 35. g4 $19) 35. Rxe4 Qd2+ 36. Kf1 Qxc1+ 37. Kg2 Qc2+ 38. Kf3 Qd3+ (38... Qxa2 $2 39. Kg4 $19) 39. Re3 Rf8+ (39... Qxc4 {is a self mate.} 40. g4 Rf8+ 41. Kg3 Qf4+ 42. Kh3 Qxe3+ 43. Kh4 Rf6 44. g5 Rf4+ 45. Kh5 Qh3#) 40. Kg4 Qxe3 41. a4 Qe6+ 42. Kg5 Rf5+ (42... Qxc4 43. h3 h6+ 44. Kg6 Qc6+ 45. Kh5 Qd5+ 46. Kxh6 Rf6#) 43. Kh4 Qh6+ 44. Kg4 Qh5#) 31. Qg4 Bxf2+ {[%emt 0:00:47] Weighted Error Value: White=1.53/Black=0.55  Loses game:     	White=1     	---        Mistake:       	White=4     	Black=2      Inaccurate:     	White=1     	Black=1      OK:         	White=6     	Black=3      Best:        	White=1     	Black=4      Brilliant:      	---       	Black=1} 0-1

[Event "Silves Open 2025"]
[Site "Fissul"]
[Date "2025.03.06"]
[Round "8.15"]
[White "Ryabukhina, Veronika"]
[Black "Santos, Joao Artur Almeida"]
[Result "0-1"]
[Annotator "TA"]
[ECO "E11"]
[WhiteElo "1880"]
[BlackElo "1950"]
[PlyCount "118"]
[EventDate "2025.03.03"]
[EventType "swiss"]
[EventCountry "POR"]
[SourceTitle "playchess.com"]
[Source "ChessBase"]
[SourceQuality "1"]
[TimeControl "5400+30"]

1. d4 Nf6 2. c4 e6 3. Nf3 Bb4+ 4. Bd2 Qe7 5. g3 Nc6 6. Bg2 Bxd2+ 7. Qxd2 Ne4 8. Qc2 Qb4+ 9. Nc3 {[%emt 0:00:30] E11: Bogo-Indian.} (9. Kf1 $5) 9... f5 (9... Nxc3 $11 10. Qxc3 Qxc3+ 11. bxc3 Na5) 10. c5 d5 $146 (10... b6 $14) ({Predecessor:} 10... Nxd4 11. Nxd4 Qxd4 12. Nxe4 fxe4 13. Bxe4 Qb4+ 14. Kf1 d5 15. Bxh7 e5 16. h4 e4 {1-0 Leitner,G (2234)-Schmoldt,R (2145) St Veit op-A 29th 2010 (6)}) 11. cxd6 (11. e3 $16) 11... Nxd6 (11... cxd6 $14 12. a3 Qc4) 12. Rd1 Bd7 13. O-O O-O-O (13... Qc4 $16 14. Ne5 Nxe5) 14. a3 $18 Qc4 15. b3 Qa6 16. d5 (16. Na4 $18) 16... Ne7 (16... exd5 $16 17. Nxd5 Kb8) 17. dxe6 Bxe6 18. Nd4 Bd7 19. a4 (19. Rc1 $18) 19... Kb8 $16 20. Na2 Qa5 21. Rc1 {[%emt 0:00:30] Hoping for b4.} Rc8 22. Rfd1 {[%emt 0:00:30] White has strong rooks and is better} h5 23. h4 (23. Nf3 {simplifies} g6 24. Qb2 Qb6 25. Nc3) 23... g5 24. Nf3 (24. b4 $16 Qe5 25. Nf3 (25. hxg5 h4 $16)) 24... gxh4 $11 25. gxh4 (25. Nxh4 $11 f4 26. gxf4) 25... Bc6 (25... Rhg8 {is more complex.} 26. Qc3 Qb6 27. Ng5 Bc6) 26. Qc5 (26. Qc3 $11 Qxc3 27. Nxc3) 26... Qxc5 $17 27. Rxc5 Ng6 (27... Rcg8 $17 28. Ng5 Bxg2 29. Kxg2 Ne4) 28. Rd4 (28. Rxc6 $11 bxc6 29. Nd4) 28... Rce8 29. e3 (29. Kf1 $15) 29... Rhg8 (29... Be4 $142 30. Kf1 Reg8) 30. Kf1 {[%emt 0:00:30] [#]} Rg7 (30... Be4 $1 $17 31. Rc1 Ne5) 31. Nb4 (31. Nc3 $11) 31... Be4 32. Nd3 ({White should play} 32. Nd5) 32... Reg8 (32... Nf8 $142 33. Re5 Ne6 34. Rxe6 Rxe6) 33. Nde1 Nf8 (33... b6 $17 34. Rc3 Bb7) 34. Ng5 $11 Bxg2+ 35. Nxg2 Ng6 36. f4 (36. Ne6 $14 Rf7 37. Ke2) 36... Re7 37. Rd1 Rge8 38. Nf3 Ne4 39. Rcd5 Kc8 {[%emt 0:00:30] Prevents Rd8+} 40. Rc1 {[%emt 0:00:30] Prevents Nc3.} c6 41. Rd3 Rd7 42. Rxd7 Kxd7 43. Nd4 (43. Ke2 $11) 43... Ne7 $17 44. b4 Rf8 45. Nf3 (45. Ne1 $11 {remains equal.}) 45... Nd5 46. b5 c5 47. Ng5 Kd6 48. a5 (48. Ke2 $17) 48... Rc8 49. Nf7+ Ke6 (49... Ke7 $19 50. Ne5 c4) 50. Ne5 {[%emt 0:00:30] [#]} (50. Ng5+ $17 Kd6 51. Nxe4+ fxe4 52. Rc4) 50... c4 $1 51. Ke2 (51. Nxc4 $2 Rxc4 (51... Nd2+ $2 52. Nxd2 Rxc1+ 53. Kf2 $19) 52. Rxc4 Nd2+ 53. Ke2 Nxc4 $19) (51. Nf3 Kf6) 51... c3 (51... Ndc3+ $19 52. Kf1 Nxb5 (52... Kd5 $2 53. a6 $19)) 52. Ne1 Nb4 {[%emt 0:00:30] Black is much more active.} 53. N5d3 $2 (53. N5f3 $17) 53... Rc4 $2 ({Black should try} 53... Rd8 $19 {Strongly threatening ...Nxd3.} 54. Rd1 (54. Nxb4 Rd2+ 55. Kf1 Ng3+ 56. Kg1 Ne2+ 57. Kf1 Nxc1 $19) 54... Rd7) 54. Nf3 $2 (54. Nxb4 $15 Rxb4 55. Nc2) 54... Ng3+ $19 55. Kd1 Nxd3 56. Nd4+ {[%emt 0:00:30] [#]} Rxd4 $1 57. exd4 (57. Rxc3 Rd5) 57... Nxc1 {[%emt 0:00:30] Black mates.} ({Weaker is} 57... Nxf4 58. Rxc3 Ne4 59. Rc7 $15) 58. Kxc1 Kd5 59. Kc2 Kxd4 {[%emt 0:00:30] Weighted Error Value: White=0.59/Black=0.35  Loses game:     	White=2     	---        Missed win:     	---       	Black=1      Mistake:       	White=15    	Black=12     Inaccurate:     	---       	Black=3      OK:         	White=9     	Black=10     Best:        	White=2     	Black=5} 0-1

[Event "Silves Open 2025"]
[Site "Fissul"]
[Date "2025.03.06"]
[Round "8.16"]
[White "Adams, Philip"]
[Black "Van Ginkel, Henk"]
[Result "1-0"]
[Annotator "TA"]
[ECO "B22"]
[WhiteElo "1903"]
[BlackElo "1811"]
[PlyCount "49"]
[EventDate "2025.03.03"]
[EventType "swiss"]
[EventCountry "POR"]
[SourceTitle "playchess.com"]
[Source "ChessBase"]
[SourceQuality "1"]
[TimeControl "5400+30"]

1. e4 c5 2. c3 d5 3. exd5 Qxd5 4. d4 Nc6 5. Nf3 Nf6 6. Be2 g6 {B22: Sicilian: 2 c3.} (6... cxd4 $11 {remains equal.} 7. cxd4 e6) 7. Na3 (7. c4 $16 Qd6 8. d5) 7... cxd4 $11 8. Nb5 Kd8 $146 {[#] Prevents Nc7. This move loses the game for Black.} (8... Qd7 $11 {and Black stays safe.}) (8... Qd8 9. Bf4 Nd5 10. Bg3 Bh6 11. Nfxd4 O-O 12. Nxc6 bxc6 13. Nd4 Nf4 14. O-O c5 15. Bxf4 Bxf4 {½-½ Schneider,I (2519)-Nisipeanu,L (2683) Bundesliga 1011 2010 (6.5)}) 9. cxd4 ({Don't play} 9. Nbxd4 $6 Bd7 $16) 9... a6 10. Nc3 Qa5 (10... Qd6 $142) 11. O-O $18 Bg4 (11... Ke8 {is a better defense.} 12. d5 Nb8) 12. Be3 {[#] d5 would now be deadly.} Nd5 13. Nxd5 Qxd5 14. h3 Bxf3 15. Bxf3 Qb5 (15... Qd7 16. Rc1 Bg7 17. Bxc6 bxc6) 16. d5 Ne5 17. Be2 {[%emt 0:00:00] Inhibits Qd3. A strong pair of Bishops.} Qa5 18. a3 Ke8 19. Qb3 Qc7 (19... Bg7 $142 20. Qxb7 Qd8) 20. Rac1 {[%emt 0:00:00] White is clearly winning.} Qb8 21. Bb6 Bg7 {[%emt 0:00:00] Black is weak on the light squares} 22. Qa4+ Kf8 23. f4 Bh6 (23... Qe8 $142 24. Qxe8+ Kxe8 25. fxe5 Bxe5) 24. Rc7 Kg7 25. Qd4 {[%emt 0:00:00] Weighted Error Value: White=0.40/Black=1.11  Loses game:     	---       	Black=1      Mistake:       	White=1     	Black=5      Inaccurate:     	---       	Black=2      OK:         	White=7     	Black=4      Best:        	White=1     	Black=1} 1-0

[Event "Silves Open 2025"]
[Site "Fissul"]
[Date "2025.03.06"]
[Round "8.18"]
[White "Esteves, Goncalo Maria Franco"]
[Black "Almeida, Marta Dias"]
[Result "1-0"]
[Annotator "TA"]
[ECO "B10"]
[WhiteElo "1962"]
[BlackElo "1790"]
[PlyCount "83"]
[EventDate "2025.03.03"]
[EventType "swiss"]
[EventCountry "POR"]
[SourceTitle "playchess.com"]
[Source "ChessBase"]
[SourceQuality "1"]
[TimeControl "5400+30"]

1. c4 c6 2. e4 d5 3. exd5 cxd5 4. cxd5 Nf6 5. Bb5+ Bd7 6. Bc4 Qc7 7. d3 b5 8. Bb3 g6 {[%emt 0:01:06] B10: Caro-Kann: 2 d3 and 2 c4.} 9. Ne2 (9. Nf3 $16) 9... Bg7 10. Nbc3 O-O $146 {[%emt 0:02:14] White has an edge.} (10... Qb7 11. O-O O-O 12. Nf4 Na6 13. Ne4 Rad8 14. Re1 Bf5 15. Qe2 Rfe8 16. f3 Nc7 17. Nxf6+ Bxf6 {½-½ Mentel,J-Kliewe,H Greifswalder op 1998 (3)}) 11. O-O Na6 {[%emt 0:03:27] Black sacrificed a pawn} (11... a5 $11) 12. Ne4 $14 Nh5 ({Black should play} 12... Nc5 $14) 13. d4 ({Better is} 13. Bg5) 13... Bf5 14. N2g3 Nxg3 15. Nxg3 Qd7 16. Bg5 Nc7 (16... Rfe8 $16) 17. Nxf5 $18 gxf5 18. Qf3 a5 19. Qg3 $2 (19. Rfe1 $1 $18 ) 19... Kh8 $2 {[%emt 0:00:41] [#]} (19... Ra6 $1 $11) 20. Bxe7 $1 Qxe7 21. d6 {[%emt 0:00:16] White plays in the center} Qd7 22. dxc7 a4 23. Bd1 Rfc8 (23... Rac8 $16) 24. Bf3 $2 (24. Rc1 $1 $18) 24... Ra7 $16 25. d5 Raxc7 26. Rfe1 $2 (26. d6 $16 Rc2 27. Rae1) 26... Rd8 $2 (26... Bxb2 27. Rad1 $16) (26... a3 $1 $17 27. Rad1 axb2 (27... Bxb2 $2 28. d6 $18)) 27. d6 Rcc8 {[%emt 0:01:10][%mdl 8192] [#]} (27... f4 $16 {is a better chance.} 28. Qg5 (28. Qxf4 Rc4 $18) 28... Qxd6) 28. Rad1 $2 (28. Re7 $1 $18 {[%cal Re7d7] and the rest is easy.} a3 (28... Qxd6 $2 29. Re8+ Rxe8 30. Qxd6 $18) 29. Rxd7 Rxd7 30. Qf4 axb2 31. Rd1) 28... Bf8 (28... Re8 $16 29. Rxe8+ Rxe8) 29. Qe5+ Kg8 30. Bh5 {[%emt 0:02:43] aiming for Rd3. White is much more active.} Bxd6 $2 (30... Re8 $16 31. Qg3+ Bg7 32. Rxe8+ Rxe8) 31. Qf6 $18 Qc7 {[%emt 0:00:41] [#]} 32. Bxf7+ $2 Qxf7 $11 33. Rxd6 Rxd6 (33... Qxf6 $11 {remains equal.} 34. Rxf6 Rc2) 34. Qxd6 $16 Qxa2 $2 $18 {[%emt 0:01:23][%mdl 4096] Endgame KQR-KQR} (34... Re8 $16 35. Qg3+ Kf8 36. Rxe8+ (36. Qd6+ Kg7 $16) 36... Qxe8) 35. Qd7 Qc4 36. h3 ({Much less strong is} 36. Qxf5 Qc5 37. Qe6+ (37. Re8+ $2 Rxe8 38. Qg4+ Kh8 $19) 37... Kh8 38. Qf6+ Kg8 39. Qe6+ Kh8 40. Qf6+ Kg8) 36... Rf8 37. Re3 $2 (37. Qd6 $18) 37... f4 $2 (37... Qc1+ $11 38. Kh2 Qxb2 39. Qd5+ Kh8) 38. Re7 {[%emt 0:00:54] Qg4+ would kill now.} Qc1+ 39. Kh2 Qxb2 40. Qg4+ (40. Qe6+ $142 Kh8 41. Qh6 Rf7 42. Re8+ Rf8 43. Rxf8#) 40... Kh8 41. Qh5 Qc2 42. Qe5+ {[%emt 0:00:10] Weighted Error Value: White=0.95/Black=1.13  Loses game:     	---       	Black=3      Missed win:     	White=4     	---        Mistake:       	White=4     	Black=9      Inaccurate:     	---       	Black=1      OK:         	White=8     	Black=4      Best:        	White=4     	Black=3} 1-0

[Event "Silves Open 2025"]
[Site "Fissul"]
[Date "2025.03.06"]
[Round "8.19"]
[White "Munno Moyano, Mario"]
[Black "Esteves, Goncalo Maria Franco"]
[Result "0-1"]
[Annotator "TA"]
[ECO "C91"]
[WhiteElo "1755"]
[BlackElo "1962"]
[PlyCount "130"]
[EventDate "2025.03.03"]
[EventType "swiss"]
[EventCountry "POR"]
[SourceTitle "playchess.com"]
[Source "ChessBase"]
[SourceQuality "1"]
[TimeControl "5400+30"]

1. e4 e5 2. Nf3 Nc6 3. Bb5 a6 4. Ba4 Nf6 5. O-O Be7 6. Re1 b5 7. Bb3 d6 8. c3 O-O 9. d4 Bg4 10. Be3 Na5 11. dxe5 Bxf3 12. Qxf3 dxe5 13. Nd2 {[%emt 0:00:30][%cal Bb1d2,Bd2f1,Bf1e3,Be3d5][%mdl 32] C91: Closed Ruy Lopez: 7...d6 8 c3 0-0 9 d4.} c5 14. Red1 $146 (14. Qf5 Qc7 15. Nf3 c4 16. Bc2 Nc6 17. b4 cxb3 18. Bxb3 Rad8 19. Bg5 h6 20. Be3 Qd7 {½-½ Nytra,O (2151)-Fuksik,J (2114) CZE-chT1E 2324 2023 (4.6)}) 14... Qc7 15. c4 {[%emt 0:00:30] White is slightly better.} Nd7 16. Qe2 b4 17. Nf1 Rfd8 18. Bd2 Nc6 19. Ne3 Nd4 20. Qe1 Nf8 21. Nd5 Qd6 22. f4 Nd7 23. Kh1 Bf6 24. Qf2 (24. f5 $11) 24... exf4 25. Bxf4 Be5 26. g3 Nf6 {[%emt 0:00:30] A dynamic duo of knights.} 27. Bxe5 Qxe5 28. Nxf6+ gxf6 29. Qf4 Rd6 {[%emt 0:00:30] Black is more active.} (29... Qxf4 {simplifies} 30. gxf4 Kf8 31. Ba4 Rd6) 30. Rd2 $2 (30. Qxe5 $15 fxe5 31. Ba4) 30... Re8 $2 (30... Nxb3 $19 {has better winning chances.} 31. Rxd6 Qxf4 (31... Nxa1 $2 32. Qxe5 fxe5 33. Rd5 $19) 32. gxf4 Nxa1 33. Rxf6 Re8) 31. Ba4 (31. Qxe5 $17 Rxe5 32. Bc2 Nxc2 33. Rxc2) 31... Qxe4+ (31... Qxf4 $19 32. gxf4 Rxe4 33. Rg2+ Kf8) 32. Qxe4 Rxe4 33. Rf1 {[%emt 0:00:30] Prevents Nf3.} Kg7 34. Bd1 Re3 35. b3 Rde6 36. Rf4 R6e4 37. Rg4+ (37. Rxe4 $17 {was necessary.} Rxe4 38. Rd3) 37... Rxg4 $19 38. Bxg4 {[%emt 0:00:30][%mdl 4096] Endgame KRB-KRN. Black is a pawn up.} f5 39. Bh5 a5 40. Rf2 f6 41. Kg2 Kh6 42. Bd1 Kg6 43. h3 Kf7 44. Bc2 Ke6 45. Bd1 Ke5 46. Bc2 Rc3 47. Bb1 Re3 $2 (47... h6 $19 {[%cal Oa5a4] ...a4! is the strong threat.} 48. Rf1 Re3) 48. Rf4 $2 {[%emt 0:00:30][%mdl 8192] [#]} (48. Bc2 $11 a4 49. bxa4) 48... Rxg3+ $3 49. Kxg3 Ne2+ 50. Kf3 Nxf4 {[%emt 0:00:30] KB-KN. Black is two pawns up.} 51. h4 h5 52. Bc2 Ng6 53. Kg3 f4+ 54. Kh3 Nf8 55. Bd1 Ke4 56. Bxh5 Ke3 57. Bd1 f3 58. h5 Nh7 59. Kg3 Ng5 {[%emt 0:00:30] ( -> ...f2)} 60. h6 f2 61. Kg2 Nh7 (61... f5 $142 62. Bc2 Ke2 63. Bd3+ Kxd3 64. Kxf2 Ke4 65. Kg3 f4+ 66. Kg4 Nh7 67. Kh5 f3 68. Kg6 f2 69. Kxh7 f1=Q (69... f1=R $2 70. Kg7 $19) 70. Kg7 Ke5 71. h7 Qf6+ 72. Kg8 Qg6+ 73. Kf8 Qxh7 74. a3 Ke6 75. axb4 Qh8#) 62. Kf1 {[%emt 0:00:30] [#]} Ng5 $2 (62... f5 $1 $19 63. Bc2 Ng5 64. Bxf5 Nf3) 63. Bc2 $2 (63. Kg2 $11 Ne4 64. h7) 63... Nf3 {[%emt 0:00:30] Black mates.} 64. h7 Nd2+ 65. Kg2 f1=Q+ {Weighted Error Value: White=0.70/Black=0.28 (precise)   Loses game:     	White=2     	---        Missed win:     	---       	Black=2      Mistake:       	White=3     	Black=1      Inaccurate:     	White=2     	Black=3      OK:         	White=7     	Black=13     Best:        	White=1     	Black=1      Brilliant:      	---       	Black=1} (65... f1=R $2 66. h8=Q (66. h8=R $2 {is the wrong capture.} Rf2+ 67. Kh3 Nf1 $19) 66... Rf2+ 67. Kh3 $18) 0-1

[Event "Silves Open 2025"]
[Site "Fissul"]
[Date "2025.03.06"]
[Round "8.20"]
[White "Avelino, Camila Biscaya"]
[Black "Prata, Jose"]
[Result "0-1"]
[Annotator "TA"]
[ECO "C01"]
[WhiteElo "1906"]
[BlackElo "1839"]
[PlyCount "146"]
[EventDate "2025.03.03"]
[EventType "swiss"]
[EventCountry "POR"]
[SourceTitle "playchess.com"]
[Source "ChessBase"]
[SourceQuality "1"]
[TimeControl "5400+30"]

1. e4 e6 2. d4 d5 3. exd5 exd5 4. Nf3 Bd6 5. c4 Nf6 6. Nc3 c6 7. Bd3 dxc4 {[%emt 0:00:30] C01: French: Exchange Variation.} 8. Bxc4 O-O 9. O-O Nbd7 {[%emt 0:00:30] The position is equal.} 10. Qc2 Nb6 11. Bd3 Nbd5 $146 ({Predecessor:} 11... h6 12. Re1 Be6 13. Ne4 Nxe4 14. Bxe4 Bd5 15. a3 Qf6 {0-1 Yang,Z-Feng,Z Belt and Road Hunan op-C 2019 (3)}) 12. Nxd5 cxd5 13. Bg5 h6 {[%emt 0:00:30] The position is symmetric and equal} 14. Bh4 Be6 15. Ne5 Rc8 16. Qe2 Be7 17. f4 Re8 18. Rae1 Ne4 19. Bxe7 $1 $16 Rxe7 20. f5 $1 Bd7 21. Bxe4 dxe4 22. Qxe4 (22. f6 $1 $16 Re8 23. fxg7 (23. Qxe4 gxf6 24. Re3 fxe5 $11)) 22... f6 $11 23. Qd5+ Kh7 24. Nxd7 (24. Ng6 $14 Re8 25. b3 (25. Qxb7 $2 Rxe1 26. Rxe1 Bxf5 $19)) 24... Rxd7 $15 25. Qb3 b6 $36 {[%emt 0:00:30][%mdl 2048] Black has some pressure.} 26. Qa3 a5 27. Qb3 Rxd4 28. Re6 {[%emt 0:00:30] [#]} (28. Qg3 $15) 28... Rb4 (28... Rd2 $1 $17 29. Qg3 Qd7 (29... Rxb2 $2 30. Qg6+ Kg8 31. Rfe1 $18)) 29. Qg3 $1 {[%emt 0:00:30] and Qg6+ would now be decisive} Rd4 (29... Rxb2 30. Rfe1 g5 (30... Rxa2 $2 31. Qg6+ Kh8 32. Re8+ $18) (30... Qd4+ $2 31. Kh1 $18) 31. fxg6+ Kg8 32. h3 $18) (29... Qd4+ $15 30. Kh1 Qg4 (30... Rxb2 $2 31. Rfe1 $18) 31. Qxg4 Rxg4) 30. Qb3 $17 a4 (30... Rd2 $17 {Strongly threatening ...Qd4+.} 31. Qg3 Kh8 (31... Rxb2 32. Qg6+ Kg8 33. Rfe1 $18)) 31. Qf3 Rd2 {[%emt 0:00:30][%cal Oc8c2] Black attacks} 32. Qh5 Rdc2 {[%emt 0:00:30] Black plays on the queen side and is better} (32... Rxb2 $2 33. Rfe1 Qd4+ (33... Rxa2 $2 34. Qg6+ Kh8 35. Re8+ $18) 34. Kh1 $18) ({Black should try} 32... Qd4+ $1 $15 33. Kh1 Qxb2 (33... Rxb2 $2 34. Qg6+ Kh8 35. Rfe1 $18) 34. Qg6+ Kh8 35. Re8+ Rxe8 36. Qxe8+ Kh7 37. Qg6+ Kg8 38. Qe8+ Kh7) 33. Rfe1 Rc1 (33... Rxb2 $2 34. Qg6+ Kh8 35. Re8+ $18) 34. h3 (34. Qg6+ $5 Kg8 35. Qe8+ Qxe8 36. Rxe8+ Rxe8 37. Rxc1 $15) 34... Rxe1+ 35. Rxe1 $15 {[%emt 0:00:30][%mdl 4096] Endgame KQR-KQR} b5 36. Qf7 b4 (36... Qd4+ 37. Kh1 $17) 37. Kh1 a3 38. bxa3 bxa3 39. Qb3 (39. Qg6+ $11 {remains equal.} Kh8 40. Qg3) 39... Qd2 $17 40. Qg3 Qxa2 {[%emt 0:00:30] Active counter play!} 41. Qg6+ $2 (41. Kh2 $17) 41... Kh8 $19 42. Re8+ Rxe8 43. Qxe8+ {[%emt 0:00:30] KQ-KQ. Black is a pawn up.} Qg8 44. Qa4 Qf8 45. h4 Qe7 46. Kh2 Qe5+ (46... Kh7 $142 47. Kh3 Qe3+ 48. g3 Qf3 49. Qa6 Qb3 (49... Qxf5+ $2 50. g4 $19) 50. Qe6 Qxe6 51. fxe6 Kg8 52. g4 a2 53. Kg2 a1=Q (53... a1=B $2 54. Kg3 $19) 54. Kf3 Qe5 55. Kf2 Qxe6 56. Kf3 Qe5 57. g5 fxg5 58. hxg5 hxg5 (58... Qxg5 59. Ke2 Qg3 60. Kd2 h5 61. Ke2 h4 62. Kd2 h3 63. Ke2 h2 64. Kd2 h1=Q 65. Kc2 Qhh2+ 66. Kd1 Qgg1#) 59. Kf2 g4 60. Kg2 Qf4 61. Kg1 Qd2 (61... Kh7 62. Kg2 g5 63. Kh1 Qf1+ 64. Kh2 Kg7 65. Kg3 Qg1#) 62. Kh1 g3 63. Kg1 Qh2+ 64. Kf1 Qf2#) 47. Kh1 Qe7 (47... Qxf5 48. Qxa3 Kh7 49. Qe3 $15) (47... Qa1+ $142 48. Kh2 Kh7 49. g4 a2 50. g5 Qe5+ (50... hxg5 $2 51. hxg5 fxg5 52. Qe8 $19) (50... fxg5 $2 51. Kg2 $19) 51. Kg2 a1=Q (51... a1=B 52. g6+ Kh8 53. Qa8+) 52. Qxa1 Qxa1 53. gxf6 Qxf6 54. Kf3 Qxf5+ (54... Qxh4 $2 55. Ke3 $19) 55. Ke3 g5 56. hxg5 hxg5 57. Ke2 g4 58. Ke3 g3 (58... Qf3+ 59. Kd4 g3 60. Kc5 g2 61. Kc4 g1=Q 62. Kb5 Qd5+ 63. Kb4 Qgc5+ 64. Ka4 Qd1#) 59. Kd4 g2 60. Kc4 g1=Q (60... g1=B 61. Kc3 Qc5+ 62. Kd3 Kg6 63. Kd2 Qc4 64. Kd1 Be3 65. Ke1 Qc2 66. Kf1 Qf2#) 61. Kc3 Qc1+ 62. Kb4 Qfc5+ 63. Kb3 Q5c4#) 48. Kh2 Kh7 {[%emt 0:00:30] ( -> ...Qe5+)} 49. Kh1 Qe3 50. Kh2 h5 51. Kh1 {[%emt 0:00:30] [#]} a2 $2 52. Qxa2 Qe1+ 53. Kh2 Qxh4+ 54. Kg1 Qe1+ 55. Kh2 Qe5+ 56. Kg1 Qxf5 57. Qc4 Kg6 58. Qg8 Qc5+ 59. Kh2 Qe5+ 60. Kh1 h4 61. Qc8 Kg5 62. Qd7 g6 63. Qd3 $2 (63. Qd2+ Kg4 64. Qd7+ Qf5 65. Qd1+ Kg5 66. Qd2+ Qf4 67. Qa5+ Kh6 68. Qe1) 63... Qf5 $2 (63... Qe1+ 64. Kh2 Qe5+ 65. Kh1 Qe7 66. Qd2+ Kh5 67. Qd1+ Kh6 68. Qc1+ Kg7) 64. Qe3+ Qf4 65. Qe6 $2 (65. Qe1) 65... f5 $2 (65... h3 {( -> ...Qf1+)} 66. gxh3 Kh4) 66. Qe7+ Kh5 67. Qe2+ Qg4 68. Qe8 Qe4 69. Qd8 $2 (69. Qh8+ Kg4 70. Qf6) 69... g5 $2 (69... h3 70. Qh8+ Kg5 71. Qd8+ Kg4 72. Qd1+ Kh4 73. Qd8+ g5 74. Qh8+ Kg3 75. Qc3+ Kf2 76. Qc5+ Ke2 77. Qb5+ Ke3 78. Qc5+ Kf4 79. Qf2+ Kg4) 70. Qh8+ Kg4 {[%emt 0:00:30] ( -> ...Qe3)} 71. Qh6 $2 (71. Qc3 $19) 71... Qe1+ {[%emt 0:00:30] Black mates.} 72. Kh2 Qg3+ 73. Kg1 h3 {[%emt 0:00:30] Black used his chance.   Weighted Error Value: White=0.52/Black=0.54  Loses game:     	White=1     	---        Mistake:       	White=8     	Black=8      Inaccurate:     	White=6     	Black=3      OK:         	White=13    	Black=16     Best:        	White=1     	Black=4      Strong:       	White=3     	---} 0-1